 Dungeon Crawl Stone Soup version 0.21-a0-400-g417d9d2 (webtiles) character file.

14341 qqqbard the Carver (level 11, -2/100 HPs)
             Began as a Deep Dwarf Fighter on Oct 20, 2017.
             Was an Elder of Makhleb.
             Slain by a crocodile (10 damage)
             ... on level 2 of the Lair of Beasts.
             The game lasted 00:28:37 (13590 turns).

qqqbard the Carver (Deep Dwarf Fighter)            Turns: 13590, Time: 00:28:38

Health: -2/100     AC: 17    Str: 24    XL:     11   Next: 87%
Magic:  0/0        EV:  1    Int:  8    God:    Makhleb [****..]
Gold:   145        SH: 12    Dex: 12    Spells: 10/10 levels left

rFire    + . .     SeeInvis .   h - +2 falchion (vamp)
rCold    + . .     Gourm    .   v - +0 large shield
rNeg     + . .     Faith    .   t - +4 plate armour {rF+}
rPois    .         Spirit   .   (no helmet)
rElec    .         Reflect  .   (no cloak)
rCorr    .         Harm     .   N - +2 pair of gloves {archery}
MR       +....                  (no boots)
Stlth    ..........             (no amulet)
HPRegen  0.00/turn              r - ring of protection from cold
MPRegen  0.07/turn              I - ring of positive energy

@: non-regenerating, extremely drained
A: damage resistance, heal wounds, sense surroundings 2, no regeneration
a: Heal Wounds, Minor Destruction, Lesser Servant of Makhleb, Major Destruction,
Renounce Religion


You were on level 2 of the Lair of Beasts.
You worshipped Makhleb.
Makhleb was greatly pleased with you.
You were not hungry.

You visited 3 branches of the dungeon, and saw 15 of its levels.

You collected 645 gold pieces.
You spent 500 gold pieces at shops.

Inventory:

Hand Weapons
 a - a +0 long sword
 b - a +2 dagger of venom
 h - a +2 vampiric falchion (weapon)
Armour
 t - a +4 plate armour of fire resistance (worn)
 v - a +0 large shield (worn)
 N - a +2 pair of gloves of archery (worn)
Jewellery
 r - a ring of protection from cold (left hand)
 I - a ring of positive energy (right hand)
Wands
 B - a wand of paralysis (12/24)
 E - a wand of digging (10/24)
 J - a wand of digging (12/24)
 L - a wand of acid (10/15)
 O - a wand of acid (15/15)
 R - a wand of lightning (4/15)
 T - a wand of paralysis (15/24)
Scrolls
 d - 2 scrolls of fear {unknown}
 e - 2 scrolls of enchant weapon {unknown}
 i - 4 scrolls of amnesia
 j - a scroll of acquirement {unknown}
 k - a scroll of fog {unknown}
 n - a scroll of recharging
 p - 2 scrolls of magic mapping
 s - 4 scrolls of remove curse
 y - 2 scrolls of teleportation
 F - 2 scrolls of random uselessness {unknown}
 K - 3 scrolls of enchant armour {unknown}
 P - a scroll of noise {unknown}
 Q - a scroll of identify
 S - a scroll of brand weapon {unknown}
Potions
 m - 6 potions of flight
 o - 2 potions of lignification
 w - 2 potions of invisibility {unknown}
 x - 2 potions of haste
 z - 2 potions of degeneration {unknown}
 A - 4 potions of agility
 G - a potion of cancellation {unknown}
 H - 2 potions of brilliance {unknown}
 M - a potion of mutation {unknown}
Books
 C - a book of Minor Magic

   Spells                             Type                      Level
   a - Magic Dart                     Conjuration                  1
   b - Blink                          Translocation                2
   c - Call Imp                       Summoning                    2
   d - Slow                           Hexes                        2
   e - Conjure Flame                  Conjuration/Fire             3
   f - Mephitic Cloud                 Conjuration/Poison/Air       3
Comestibles
 c - 2 chunks of flesh
 f - 8 bread rations
 g - 10 fruits
 q - 7 meat rations
 u - 14 royal jellies


   Skills:
 + Level 7.2(0.0) Fighting
 * Level 10.6(0.0) Long Blades
 + Level 8.9(0.0) Armour
 + Level 7.5(0.0) Dodging
 + Level 9.1(0.0) Shields
 + Level 9.5(0.0) Invocations


You had 10 spell levels left.
You didn't know any spells.

Dungeon Overview and Level Annotations

Branches:
Dungeon (12/15)            Temple (1/1) D:7            Lair (2/6) D:9
    Orc (0/2) D:11
  Swamp: Lair:2-4    Shoals: Lair:2-4     Snake: Lair:2-4    Spider: Lair:2-4

Altars:
Ashenzari
Cheibriados
Dithmenos
Elyvilon
Fedhas
Gozag
Hepliaklqana
Kikubaaqudgha
Makhleb
Nemelex Xobeh
Okawaru
Qazlal
Ru
Sif Muna
Trog
Uskayaw
Vehumet
Wu Jian
Xom
Yredelemnul
Zin
The Shining One

Shops:
D:7 *   D:8 !   D:10 *   D:11 %

Annotations:
D:7 exclusion: ice statue


Innate Abilities, Weirdness & Mutations

You are resistant to damage.
You can heal yourself by infusing magical energy.
You passively map the area around you.
You do not regenerate.


Message History

Your shield prevents you from hitting the crocodile.
The crocodile is moderately wounded.
You block the crocodile's attack.
Your shield and plate armour prevent you from hitting the crocodile.
The crocodile is moderately wounded.
The crocodile bites you.
* * * LOW HITPOINT WARNING * * *
The crocodile bites you.
* * * LOW HITPOINT WARNING * * *
You hit the crocodile.
You feel better.
The crocodile is heavily wounded.
You block the crocodile's attack.
There is a stone staircase leading up here.
You closely miss the crocodile.
The crocodile is heavily wounded.
You block the crocodile's attack.
You hit the crocodile but do no damage.
The crocodile is heavily wounded.
The crocodile bites you!
You die...

, ,, * ** , , , ,
.##.### *#. *, *,
.....####..P* * *
##...........
.###...........# ,
,
,.............%.#.
* ...#...........P.
, ,
................. *
, ,,,
.......@.P.......,
, , ,
.......t.#....... ,
, .................
,,*
.....<.......#.. ,
,
,,....P####........
* * , ###P.
#....#.). * , * ##*
#.....### , *
#..##.# , *, ####
##


You could see a crocodile.

Vanquished Creatures
  The ghost of Taihus the Fighter, a journeyman BaSk of Okawaru (D:9)
  3 two-headed ogres
  Sonja (D:12)
  The ghost of qqqbard the Slasher, a novice DDFi (D:6)
  2 ugly things
  A rime drake (Lair:1)
  A tengu conjurer (D:12)
  2 hornets (D:9)
  A meliai zombie (D:10)
  A hippogriff (D:9)
  20 yaks
  A hungry ghost (D:11)
  A wyvern (D:11)
  Edmund (D:5)
  A soldier ant (D:9)
  2 water moccasins (Lair:1)
  2 porcupines (Lair:1)
  2 ice beasts
  2 black bears
  A hornet zombie (D:10)
  2 sky beasts
  4 orc warriors
  2 phantoms
  5 ogres
  5 centaurs
  A crocodile (Lair:1)
  4 big kobolds
  7 bullfrogs
  6 scorpions
  4 killer bees (D:11)
  2 howler monkeys (D:10)
  4 crimson imps
  A centaur zombie (D:9)
  3 centaur skeletons
  4 orc priests
  6 hounds
  4 jellies
  9 orc wizards
  A bullfrog skeleton (D:6)
  4 iguanas
  Terence (D:2)
  Natasha (thrice) (D:2 D:4)
  6 worker ants
  A howler monkey zombie (D:11)
  3 howler monkey skeletons
  10 adders
  3 worms
  4 dart slugs
  4 leopard geckos
  41 orcs
  7 bats
  3 giant cockroaches
  6 goblins
  11 hobgoblins
  15 jackals
  3 quokkas
  A ball python (D:4)
  4 frilled lizards
  2 gnoll zombies (D:5)
  25 kobolds
  A leopard gecko skeleton (D:7)
  A quokka skeleton (D:5)
  A quokka zombie (D:5)
  4 rats
  2 fungi (Lair:1)
287 creatures vanquished.

Notes
Turn   | Place    | Note
-------+----------+-------------------------------------------
     0 | D:1      | qqqbard the Deep Dwarf Fighter began the quest for the Orb.
     0 | D:1      | Reached XP level 1. HP: 20/20 MP: 1/1
    69 | D:1      | Reached XP level 2. HP: 22/27 MP: 2/2
   395 | D:1      | Reached XP level 3. HP: 21/33 MP: 3/3
   867 | D:2      | Noticed Natasha
   881 | D:2      | Killed Natasha
   881 | D:2      | Reached skill level 3 in Long Blades
   921 | D:2      | Found a burning altar of Makhleb.
   926 | D:2      | Became a worshipper of Makhleb the Destroyer
   994 | D:2      | Reached XP level 4. HP: 32/42 MP: 3/3
  1017 | D:2      | Noticed a sky beast
  1047 | D:2      | Killed a sky beast
  1047 | D:2      | Reached skill level 1 in Invocations
  1047 | D:2      | Reached XP level 5. HP: 33/49 MP: 2/4
  1150 | D:2      | Noticed Terence
  1160 | D:2      | Killed Terence
  1458 | D:2      | Noticed Natasha
  1468 | D:2      | Killed Natasha
  1605 | D:3      | Noticed a centaur
  1614 | D:3      | HP: 2/49 [centaur (7)]
  1623 | D:3      | Killed a centaur
  1623 | D:3      | Reached skill level 4 in Long Blades
  1623 | D:3      | Reached XP level 6. HP: 14/56 MP: 5/5
  1739 | D:3      | Found a radiant altar of Vehumet.
  1882 | D:3      | Found a deep blue altar of Sif Muna.
  1882 | D:3      | Found a stormy altar of Qazlal.
  1940 | D:3      | Reached * piety under Makhleb
  1940 | D:3      | Reached skill level 1 in Dodging
  2163 | D:4      | Noticed Natasha
  2201 | D:4      | Killed Natasha
  2526 | D:4      | Reached skill level 5 in Shields
  2820 | D:5      | Entered Level 5 of the Dungeon
  2842 | D:5      | Reached XP level 7. HP: 41/63 MP: 6/6
  3034 | D:5      | Found a hazy altar of Hepliaklqana.
  3095 | D:5      | Noticed Edmund
  3129 | D:5      | Killed Edmund
  3129 | D:5      | Reached skill level 5 in Long Blades
  3424 | D:5      | Reached skill level 5 in Armour
  3527 | D:5      | Found a basalt altar of Yredelemnul.
  3702 | D:5      | Reached ** piety under Makhleb
  3710 | D:5      | Found a shimmering altar of Xom.
  3728 | D:5      | Found a snail-covered altar of Cheibriados.
  3791 | D:6      | Found a white marble altar of Elyvilon.
  3799 | D:6      | Noticed qqqbard's ghost (novice DDFi)
  3847 | D:6      | Killed qqqbard's ghost
  3847 | D:6      | Reached skill level 6 in Long Blades
  3847 | D:6      | Reached XP level 8. HP: 42/73 MP: 4/6
  3911 | D:6      | Found a glowing golden altar of the Shining One.
  4213 | D:6      | Reached skill level 5 in Invocations
  4583 | D:6      | Gained mutation: You passively map the area around you. [Deep Dwarf growth]
  4583 | D:6      | Reached XP level 9. HP: 32/80 MP: 7/7
  4623 | D:7      | Noticed an ice statue
  4805 | D:7      | Reached skill level 5 in Fighting
  4988 | D:7      | Found a staircase to the Ecumenical Temple.
  4997 | Temple   | Entered the Ecumenical Temple
  5082 | D:7      | Found Joataf's General Store.
  5206 | D:8      | Noticed a two-headed ogre
  5217 | D:8      | Killed a two-headed ogre
  5217 | D:8      | Reached skill level 7 in Long Blades
  5423 | D:8      | Found Voniosh's Distillery.
  5484 | D:8      | Reached skill level 5 in Dodging
  5503 | D:8      | Reached *** piety under Makhleb
  6058 | D:9      | Noticed a two-headed ogre
  6094 | D:9      | Reached skill level 8 in Long Blades
  6112 | D:9      | HP: 2/81 [two-headed ogre/giant spiked club (17)]
  6119 | D:9      | Killed a two-headed ogre
  6119 | D:9      | Reached XP level 10. HP: 70/91 MP: 8/8
  6434 | D:9      | Noticed Taihus's ghost (journeyman BaSk)
  6529 | D:9      | Killed Taihus's ghost
  6529 | D:9      | Reached skill level 9 in Long Blades
  6550 | D:9      | Found a shattered altar of Ashenzari.
  6583 | D:9      | Noticed a red ugly thing
  6639 | D:9      | Killed a red ugly thing
  6721 | D:9      | Found a staircase to the Lair.
  6742 | D:9      | Paralysed by a hornet for 2 turns
  6749 | D:9      | Paralysed by a hornet for 3 turns
  6757 | D:9      | Paralysed by a hornet for 1 turns
  6895 | D:9      | Reached XP level 11. HP: 24/99 MP: 7/7
  6966 | D:9      | Noticed a two-headed ogre
  6984 | D:9      | Killed a two-headed ogre
  7024 | D:9      | Reached **** piety under Makhleb
  7117 | D:10     | Entered Level 10 of the Dungeon
  7494 | D:10     | Found Serimur's General Store.
  8171 | D:11     | Reached skill level 10 in Long Blades
  8234 | D:11     | Noticed a red ugly thing
  8274 | D:11     | Killed a red ugly thing
  8384 | D:11     | Found Wyxkilut's Food Boutique.
  8833 | D:11     | Found a staircase to the Orcish Mines.
  9127 | D:12     | Noticed Sonja
  9220 | D:12     | Killed Sonja
 11925 | Lair:1   | Entered Level 1 of the Lair of Beasts
 12076 | D:7      | Bought a +4 plate armour of fire resistance for 500 gold pieces
 13431 | Lair:1   | HP: 4/100 [yak (8)]
 13584 | Lair:2   | HP: 3/100 [crocodile (3)]
 13590 | Lair:2   | Slain by a crocodile

Vault maps used:
D:1:      dpeg_arrival_pond
D:2:      lightli_temple_of_fire, first_bread, serial_glass, glass_columns_c,
          glass_columns_a, lightli_corner_chamber, uniq_terence, uniq_natasha
D:3:      lemuel_doored_altar, gammafunk_temple_overflow_wave,
          hangedman_decor_points
D:5:      lemuel_zombie_altar_yredelemnul, lemuel_crystal_altar, minitemple,
          uniq_edmund
D:6:      elyvilon_altar_1, nicolae_tso_carved_into_rock
D:7:      lemuel_ice_statue, temple_statues, serial_shops, shop_fountains
D:8:      serial_shops, shop
D:9:      ashenzari_altar_1, lair_entry_dummy, hangedman_pestilent_swarm,
          minmay_misc_feat_room
D:10:     serial_shops, shop
D:11:     hiddenorc1_lemuel, serial_shops, shop_statue,
          minmay_misc_feat_hallway, roderic_roman_lattice
D:12:     lemuel_flamethrower_2, uniq_sonja
Temple:   nicolae_temple_x_marks_the_god
Lair:2:   elwin_shoals_entry_rocks, dummy_spider_entry, special_room

Skill      XL: |  1  2  3  4  5  6  7  8  9 10 11 |
---------------+----------------------------------+-----
Fighting       | 3 4 5 6 7 |  7.2
Long Blades    | 3 4 6 8 9 10 | 10.6
Armour         | 4 5 7 8 |  8.9
Shields        | 4 5 6 7 8 9 |  9.1
Invocations    | 1 2 4 5 7 8 9 |  9.5
Dodging        | 1 3 4 5 6 7 |  7.5

Action                   |  1- 3 |  4- 6 |  7- 9 | 10-12 || total
-------------------------+-------+-------+-------+-------++-------
Melee: Long sword        |   109 |   223 |   555 |   808 ||  1695
       Falchion          |       |       |       |   461 ||   461
Invok: Minor Destruction |       |       |       |    10 ||    10
       Major Destruction |       |       |       |     3 ||     3
 Abil: Heal Wounds       |     1 |     5 |    22 |    38 ||    66
  Use: Potion            |       |       |     2 |    13 ||    15
       Scroll            |       |       |     4 |     5 ||     9
  Eat: Chunk             |     1 |     6 |    12 |    12 ||    31
       Meat ration       |       |       |       |     4 ||     4
       Royal jelly       |       |       |       |     1 ||     1
Armor: Scale mail        |    40 |    78 |   143 |   381 ||   642
       Plate armour      |       |       |       |   137 ||   137
Dodge: Dodged            |    29 |    46 |   126 |   305 ||   506
Block: Shield            |    59 |    10 |       |       ||    69
       Large shield      |       |   183 |   483 |  1123 ||  1789
       Rpst.: Long sword |    11 |    11 |    38 |    46 ||   106
       Falchion          |       |       |       |    17 ||    17

Table legend:
 A = Spawn XP
 B = Non-spawn XP
 C = Spawn XP percentage of total XP
 D = Spawn monster count
 E = Non-spawn monster count
 F = Spawn count percentage of total count
 G = Total turns spent on level
                    A         B        C        D         E        F      G
               +---------+---------+-------+---------+---------+-------+---------
         Total |       0 |   20488 |   0.0 |       0 |     285 |   0.0 | 13590
               +---------+---------+-------+---------+---------+-------+---------
           D:1 |       0 |      51 |   0.0 |       0 |      26 |   0.0 |  2285
           D:2 |       0 |     270 |   0.0 |       0 |      15 |   0.0 |  1029
           D:3 |       0 |     206 |   0.0 |       0 |      19 |   0.0 |   518
           D:4 |       0 |     185 |   0.0 |       0 |      10 |   0.0 |   765
           D:5 |       0 |     680 |   0.0 |       0 |      27 |   0.0 |  1075
           D:6 |       0 |    1411 |   0.0 |       0 |      11 |   0.0 |   907
           D:7 |       0 |     565 |   0.0 |       0 |      17 |   0.0 |   618
           D:8 |       0 |    1855 |   0.0 |       0 |      20 |   0.0 |   960
           D:9 |       0 |    7548 |   0.0 |       0 |      46 |   0.0 |  1190
          D:10 |       0 |    1049 |   0.0 |       0 |      20 |   0.0 |   695
          D:11 |       0 |    2561 |   0.0 |       0 |      55 |   0.0 |  1255
          D:12 |       0 |    2138 |   0.0 |       0 |       8 |   0.0 |   779
        Lair:1 |       0 |    1969 |   0.0 |       0 |      11 |   0.0 |  1421
               +---------+---------+-------+---------+---------+-------+---------
